 Dungeon Crawl Stone Soup version 0.26.1-2-gb8aa6d0cf2 (webtiles) character file.

Game seed: 6821065130582098355

437 Gadfly the Cudgeller (level 6, -3/60 (61) HPs)
             Began as a Troll Berserker on Mar 4, 2021.
             Was a Priest of Trog.
             Slain by a wight
             ... wielding a cursed +0 long sword
              (6 damage)
             ... on level 6 of the Dungeon.
             The game lasted 00:03:40 (2527 turns).

Gadfly the Cudgeller (Troll Berserker)              Turns: 2527, Time: 00:03:41

HP:   -3/60 (61)    AC:  7    Str: 26    XL:     6   Next: 69%
MP:   5/5           EV: 10    Int:  3    God:    Trog [***...]
Gold: 160           SH:  0    Dex: 11    Spells: 5/5 levels left

rFire    + . .     SeeInvis +   a - +0 mace
rCold    . . .     Faith    .   (no shield)
rNeg     . . .     Spirit   .   b - +1 animal skin
rPois    .         Reflect  .   (helmet restricted)
rElec    .         Harm     .   (no cloak)
rCorr    .         Rampage  .   (gloves unavailable)
Will     .....                  (boots unavailable)
Stlth    +.........             (no amulet)
HPRegen  0.60/turn              g - ring of protection from fire
MPRegen  0.09/turn              j - ring of see invisible

@: berserk cooldown, slowed, lightly drained, very slow
A: large, unfitting armour, claws 3, regeneration 1, shaggy fur 1, tough skin 3
a: Renounce Religion, Berserk, Trog's Hand


You were on level 6 of the Dungeon.
You worshipped Trog.
Trog was most pleased with you.
You visited 1 branch of the dungeon, and saw 6 of its levels.

You collected 160 gold pieces.

Inventory:

Hand Weapons
 a - a +0 mace (weapon)
Armour
 b - a +1 animal skin (worn)
Jewellery
 d - an uncursed ring of ice
 g - a ring of protection from fire (left claw)
 j - a ring of see invisible (right claw)
Wands
 l - a wand of flame (14)
Scrolls
 c - 2 scrolls of remove curse
 e - a scroll of enchant weapon {unknown}
Potions
 f - a potion of flight
 h - a potion of curing {unknown}
 i - a potion of degeneration {unknown}


   Skills:
 + Level 3.3 Fighting
 + Level 3.6 Maces & Flails
 * Level 3.1 Armour
 - Level 2.4 Dodging
 * Level 2.9 Evocations


You had 5 spell levels left.
You didn't know any spells.
Your spell library was empty.

Dungeon Overview and Level Annotations

Branches:
Dungeon (7/15)
 Temple: D:4-7

Altars:
Cheibriados
Nemelex Xobeh
Okawaru
Ru
Vehumet


Innate Abilities, Weirdness & Mutations

You are too large for most types of armour.
You have claws for hands.
Your natural rate of healing is unusually fast.
You are covered in fur. (AC +1)
You have extremely tough skin. (AC +3)


Message History

You closely miss the wight.
The giant cockroach bites you but does no damage.
You completely miss the wight. The giant cockroach misses you.
The wight misses you.
You hit the wight.
The wight is lightly damaged.
You are no longer berserk.
You are exhausted.
You feel yourself slow down. The giant cockroach closely misses you.
The wight closely misses you.
You hit the wight but do no damage.
The wight is lightly damaged.
The giant cockroach barely misses you.
The wight hits you with a cursed +0 long sword.
* * * LOW HITPOINT WARNING * * *
The giant cockroach bites you but does no damage.
The giant cockroach closely misses you.
It was a potion of magic.
Magic courses through your body.
The wight hits you with a cursed +0 long sword.
You die...

##..#..#####..####
....
#.##....z........
.....
#..##.....#....#
.....
#.#######zz...z##
...... .. #......zo#
?..... ..
........###.##......
.. ####....#
#Fo....# #.#..#
##Bz...# ...#..#
#@###.#
.###...##...# .. .
....##..## ....##..
#.. ... .... ...##


You could see an orc warrior, a bullfrog, 3 wights, an orc and a giant
cockroach.

Vanquished Creatures
  An ogre (D:4)
  A scorpion (D:4)
  3 wights (D:6)
  An orc priest (D:3)
  An orc wizard (D:3)
  4 adders
  An ooze (D:2)
  3 worms
  4 dart slugs
  6 orcs (D:3)
  3 giant cockroaches
  6 goblins
  8 hobgoblins
  6 jackals
  9 bats
  5 frilled lizards
  6 kobolds
  10 rats
78 creatures vanquished.

Notes
Turn   | Place    | Note
-------+----------+-------------------------------------------
     0 | D:1      | Gadfly the Troll Berserker began the quest for the Orb.
     0 | D:1      | Reached XP level 1. HP: 22/22 MP: 0/0
    66 | D:1      | Reached XP level 2. HP: 29/29 MP: 1/1
   181 | D:1      | Reached skill level 1 in Armour
   216 | D:1      | Reached ** piety under Trog
   290 | D:1      | Reached skill level 1 in Evocations
   292 | D:1      | Reached XP level 3. HP: 36/36 MP: 2/2
   891 | D:2      | Reached XP level 4. HP: 15/44 MP: 3/3
  1259 | D:2      | Found a faded altar of an unknown god.
  1393 | D:3      | Found a sparkling altar of Nemelex Xobeh.
  1676 | D:3      | Reached *** piety under Trog
  1756 | D:3      | Reached XP level 5. HP: 52/52 MP: 4/4
  1878 | D:3      | Found a sacrificial altar of Ru.
  2151 | D:3      | Found a radiant altar of Vehumet.
  2152 | D:3      | Found a snail-covered altar of Cheibriados.
  2215 | D:4      | Noticed an ogre
  2221 | D:4      | Killed an ogre
  2344 | D:4      | Found an iron altar of Okawaru.
  2418 | D:4      | Reached XP level 6. HP: 46/61 MP: 5/5
  2483 | D:4      | You fall into a shaft and drop 3 floors!
  2484 | D:7      | Noticed an orc warrior
  2519 | D:6      | HP: 4/88 [wight/cursed +0 war axe (4)]
  2525 | D:6      | HP: 2/60 [wight/cursed +0 long sword (4)]
  2527 | D:6      | Slain by a wight

Illustrated notes

Levels and vault maps discovered:
D:1:      dpeg_arrival_ratfight, layout_basic, feat_on_display
D:2:      layout_basic, chequers_ecumenical_altar_grove
D:3:      layout_loops_ring, minitemple, nemelex_xobeh_ov_fountains_minmay,
          hangedman_ru_absence
D:4:      layout_loops_ring, overflow_temple_1_default, serial_shops,
          nicolae_shop_statue_plus, okawaru_gym_becter
D:6:      cheibrodos_thug_alley, layout_rooms, serial_shops, shop_fountains
D:7:      layout_rooms, serial_shops, shop, uniq_duvessa, uniq_menkaure

Skill      XL: |  1  2  3  4  5  6 |
---------------+-------------------+-----
Armour         | 1 2 3 |  3.1
Evocations     | 1 2 |  2.9
Maces & Flails | 3 |  3.6
Fighting       | 3 |  3.3
Dodging        | |  2.4

Action                   |  1- 3 |  4- 6 || total
-------------------------+-------+-------++-------
Melee: Mace              |   134 |   152 ||   286
Invok: Berserk           |     1 |     3 ||     4
  Use: Scroll            |     2 |     4 ||     6
       Potion            |       |     1 ||     1
 Stab: Sleeping          |     1 |     1 ||     2
Armor: Animal skin       |    61 |    94 ||   155
Dodge: Dodged            |    77 |   112 ||   189
